 Dungeon Sprint DCSS version 0.27-a0-1140-g099f9bb0e8 (webtiles) character file.

Game seed: 7967164436340187246

168 Zeld the Caller (level 5, 0/54 HPs)
             Began as an Octopode Summoner on May 8, 2021.
             Was a Believer of Sif Muna.
             Slain by a quasit (2 damage)
             ... in the Dungeon (Sprint V: "Ziggurat Sprint").
             The game lasted 00:01:47 (461 turns).

Zeld the Caller (Octopode Summoner)                  Turns: 461, Time: 00:01:49

Health: 0/54       AC:  1    Str:  8    XL:     5   Next: 49%
Magic:  7/11       EV: 14    Int: 29    God:    Sif Muna [**....]
Gold:   0          SH:  0    Dex: 13    Spells: 0/13 levels left

rFire    . . .     SeeInvis .   m - +5 broad axe
rCold    . . .     Faith    .   (no shield)
rNeg     . . .     Spirit   .   (helmet restricted)
rPois    .         Reflect  .   (no amulet)
rElec    .         Harm     .   s - +6 ring of intelligence
rCorr    .         Rampage  .   t - +6 ring of intelligence
Will     .....     NoTele   +   (no ring)
Stlth    ..........             (no ring)
HPRegen  0.18/turn              (no ring)
MPRegen  0.12/turn              (no ring)
                                (no ring)
                                (no ring)

@: berserking, very slightly contaminated, very quick
A: almost no armour, amphibious, 8 rings, camouflage 1, gelatinous body 1,
(nimble swimmer 1), tentacles
a: Renounce Religion, Channel Magic


You were in the Dungeon.
You worshipped Sif Muna.
Sif Muna was pleased with you.
You visited 1 branch

Inventory:

Hand Weapons
 m - a +5 broad axe (weapon)
Armour
 l - a +3 tower shield
Jewellery
 s - a +6 ring of intelligence (left tentacle)
 t - a +6 ring of intelligence (right tentacle)
Wands
 v - a wand of mindburst (7)
 w - a wand of iceblast (7)
 x - a wand of acid (7)
Scrolls
 g - 4 scrolls of blinking
 n - 4 scrolls of amnesia
 o - 7 scrolls of fog
 p - a scroll of holy word
 q - 5 scrolls of identify
 r - 2 scrolls of fear
Potions
 a - 2 potions of brilliance
 b - 10 potions of curing
 c - 10 potions of heal wounds
 d - 6 potions of haste
 e - 7 potions of magic
 f - 2 potions of berserk rage
 h - 2 potions of invisibility
 i - 4 potions of resistance
 k - 5 potions of might
Miscellaneous
 u - a lightning rod (4/4)


   Skills:
 + Level 3.1 Fighting
 + Level 4.9 Dodging
 - Level 2.6 Stealth
 - Level 4.0 Unarmed Combat
 + Level 4.6 Spellcasting
 * Level 7.6 Summonings
 * Level 5.0 Invocations


You couldn't memorise any spells.
You knew the following spells:

 Your Spells              Type           Power      Damage    Failure   Level
a - Summon Small Mammal   Summ           100%       N/A       1%          1
b - Call Imp              Summ           50%        N/A       1%          2
c - Call Canine Familiar  Summ           50%        N/A       1%          3
d - Summon Guardian Gole  Hex/Summ       28%        N/A       4%          3
e - Summon Ice Beast      Ice/Summ       28%        N/A       14%         4

Your spell library contained the following spells:

 Spells                   Type           Power      Damage    Failure   Level
 Corpse Rot               Necr/Air       N/A        N/A       10%         2
 Sublimation of Blood     Necr           3%         N/A       10%         2
 Summon Lightning Spire   Summ/Air       28%        N/A       14%         4
 Gell's Gravitas          Tloc           3%         N/A       21%         3
 Portal Projectile        Hex/Tloc       12%        N/A       21%         3
 Dispel Undead            Necr           6%         3d8       54%         4
 Passage of Golubria      Tloc           N/A        N/A       54%         4
 Agony                    Necr           6%         N/A       88%         5
 Excruciating Wounds      Necr           3%         N/A       88%         5
 Manifold Assault         Tloc           6%         N/A       88%         5
 Dispersal                Tloc           3%         N/A       100%        6
 Disjunction              Tloc           3%         N/A       100%        8


Dungeon Overview and Level Annotations

Branches:
Dungeon (1/1)

Altars:
Ashenzari
Cheibriados
Dithmenos
Elyvilon
Fedhas
Gozag
Hepliaklqana
Kikubaaqudgha
Makhleb
Nemelex Xobeh
Okawaru
Qazlal
Ru
Sif Muna
Trog
Uskayaw
Vehumet
Wu Jian
Xom
Yredelemnul
Zin
The Shining One
Beogh
Jiyva
Lugonu

Annotations:
D 1 transporter


Innate Abilities, Weirdness & Mutations

You cannot wear most types of armour.
You are amphibious.
You can wear up to eight rings at the same time.
Your skin changes colour to match your surroundings (Stealth+).
Your rubbery body absorbs attacks. (AC +1, EV +1)
((You are camouflaged near water. (Stealth+)))
You have tentacles for arms and can constrict up to eight enemies at once.


Message History

The ufetubus shouts! x2
Found four items.
Found a transporter.
Unknown command.
Cast which spell? (? or * to list)
The spell is quite dangerous to cast (14% risk of failure)!
Continue anyway? [Y]es or [N]o only, please.
The spell is quite dangerous to cast (14% risk of failure)!
Continue anyway?
You miscast Summon Ice Beast.
You are very lightly contaminated with residual magic.
Nothing appears to happen.
The quasit gives a chilling moan.
Unknown command.
Unknown command.
A red film seems to cover your vision as you go berserk!
You feel yourself moving faster!
You feel mighty! The ufetubus misses you. The ufetubus barely misses you. x3
You slash the small abomination!
The small abomination is moderately damaged.
You barely miss the ufetubus. You slash the ufetubus!
You kill the ufetubus!
Sif Muna accepts your kill. The small abomination hits you!
The ufetubus misses you. The ufetubus hits you.
The small abomination hits you!!
* * * LOW HITPOINT WARNING * * *
Your Invocations skill increases to level 5!
You are too injured to fight recklessly!
You are too injured to fight recklessly!
You closely miss the small abomination.
Your squeeze misses the small abomination.
The small abomination is moderately damaged.
You slash the quasit! You closely miss the ufetubus.
The ufetubus closely misses you. The ufetubus misses you.
The small abomination hits you!
* * * LOW HITPOINT WARNING * * *
The quasit barely misses you. The quasit completely misses you.
The quasit claws you but does no damage.
The ufetubus barely misses you. x2
The small abomination barely misses you.
The quasit bites you.
You die...

▓▓▓▓▓▓▓▓▓▓▓▓▓▓▓▓▓▓▓
▓.8©8.▓.8©8.▓.8©8.▓
▓.})=.▓..)).▓.....▓
▓..|..▓.....▓...).▓
▓.....▓...†.▓.....▓
▓.....▓.....▓.....▓
▓.x55.▓.....▓..©..▓
▓..@..▓..©..▓▓▓▓▓▓▓
▓▓▓▓▓▓▓▓▓▓▓▓▓


You could see a small abomination, a quasit and an ufetubus.

Vanquished Creatures
  A necrophage (D)
  A phantom (D)
  An ufetubus (D)
  2 bat skeletons (D)
  A quokka skeleton (D)
6 creatures vanquished.

Notes
Turn   | Place    | Note
-------+----------+-------------------------------------------
     0 | D        | Zeld the Octopode Summoner began the quest for the Orb.
     0 | D        | Reached XP level 1. HP: 11/11 MP: 3/3
     0 | D        | Found a shimmering blue altar of Sif Muna.
     0 | D        | Found a sacrificial altar of Ru.
     0 | D        | Found a bloodstained altar of Trog.
     0 | D        | Found a stormy altar of Qazlal.
     0 | D        | Found an iron altar of Okawaru.
     0 | D        | Found a sparkling altar of Nemelex Xobeh.
     0 | D        | Found a blossoming altar of Fedhas.
     1 | D        | Found the +6 Majin-Bo {vamp, MP+6 Int+6}
     1 | D        | Found the +9 heavy crossbow "Sniper" {vorpal, Acc+∞ SInv}
     1 | D        | Found the +10 dark maul {vorpal}
     1 | D        | Found the +15 Maxwell's patent armour {-Cast -Tele rElec
                  | Will+ rCorr}
     1 | D        | Found the +18 shield of the Gong {rElec rN+ Will+ EV-5}
     1 | D        | Found the +14 obsidian axe {vorpal, Drain Fly SInv}
     1 | D        | Found the +7 great mace "Firestarter" {inner flame, rF++}
     1 | D        | Found the +6 shillelagh "Devastator" {shatter}
     1 | D        | Found the +11 plutonium sword {Contam Stlth-}
     1 | D        | Found the +8 lance "Wyrmbane" {slay drac, rPois rF+ rC+
                  | AC+3}
     1 | D        | Found the +9 sword of Zonguldrok {reap}
     1 | D        | Found the +13 scythe of Curses {drain, Drain}
     1 | D        | Found the +5 sword of Power {vorpal}
     1 | D        | Found the +7 mace of Variability {chain chaos}
     1 | D        | Found the +7 Singing Sword {vorpal, sonic wave}
     1 | D        | Found the +8 storm bow {elec, penet}
     6 | D        | Found a viscous altar of Jiyva.
     6 | D        | Found a hazy altar of Hepliaklqana.
     6 | D        | Found a transporter.
     6 | D        | Found an opulent altar of Gozag.
     6 | D        | Found an ancient bone altar of Kikubaaqudgha.
     6 | D        | Found a corrupted altar of Lugonu.
    17 | D        | Found a burning altar of Makhleb.
    53 | D        | Became a worshipper of Sif Muna the Loreminder
    54 | D        | Reached skill level 5 in Summonings
    54 | D        | Reached XP level 2. HP: 17/17 MP: 4/6
    61 | D        | Learned a level 2 spell: Call Imp
   202 | D        | Entered arena 2.
   202 | D        | Found a transporter.
   267 | D        | Entered arena 3.
   267 | D        | Noticed a phantom
   267 | D        | Noticed a necrophage
   267 | D        | Found a transporter.
   269 | D        | Killed a phantom
   269 | D        | Reached * piety under Sif Muna
   270 | D        | Reached skill level 6 in Summonings
   270 | D        | Reached XP level 3. HP: 24/24 MP: 6/8
   270 | D        | Reached XP level 4. HP: 29/29 MP: 7/10
   270 | D        | Killed a necrophage
   271 | D        | Reached skill level 7 in Summonings
   271 | D        | Reached XP level 5. HP: 36/36 MP: 7/11
   282 | D        | Learned a level 3 spell: Call Canine Familiar
   286 | D        | Learned a level 3 spell: Summon Guardian Golem
   291 | D        | Learned a level 4 spell: Summon Ice Beast
   457 | D        | Entered arena 4.
   457 | D        | Noticed a small abomination
   457 | D        | Found a transporter.
   460 | D        | Reached ** piety under Sif Muna
   461 | D        | Reached skill level 5 in Invocations
   461 | D        | HP: 2/54 [small abomination (10)]
   461 | D        | Slain by a quasit

Illustrated notes

Levels and vault maps discovered:
D:        sprint_v [room_start, room_1, room_2, room_3, room_4, room_5, room_6,
          room_7, room_8, room_9, room_10, room_11, room_12, room_13, room_14,
          room_15, room_16, room_17, room_18, room_19, room_20, room_21,
          room_22, room_23, room_24, room_25, room_26, room_27]

Skill      XL: |  1  2  3  4  5 |
---------------+----------------+-----
Dodging        | 3 4 |  4.9
Unarmed Combat | 4 |  4.0
Spellcasting   | 3 4 |  4.6
Summonings     | 5 6 7 |  7.6
Fighting       | 2 3 |  3.1
Invocations    | 3 4 5 |  5.0
Stealth        | |  2.6

Action                   |  1- 3 |  4- 6 || total
-------------------------+-------+-------++-------
Melee: Broad axe         |     3 |     2 ||     5
       Constrict         |     1 |       ||     1
Evoke: Lightning rod     |     2 |     1 ||     3
  Use: Potion            |     1 |     1 ||     2
Armor: Skin              |     1 |     1 ||     2
Dodge: Dodged            |     4 |    12 ||    16

Table legend: (Time is in decaauts)
 A = Elapsed time spent in this place.
 B = Non-inter-level travel time spent in this place.
 C = Inter-level travel time spent in this place.
 D = Time resting spent in this place.
 E = Time spent auto-exploring this place.
 F = Levels seen in this place.
 G = Mean time per level.
                   A        B        C        D        E       F      G
               +--------+--------+--------+--------+--------+-----+--------+
         Total |    461 |    461 |      0 |    343 |     24 |   1 |  461.0 |
       Dungeon |    461 |    461 |      0 |    343 |     24 |   1 |  461.0 |
               +--------+--------+--------+--------+--------+-----+--------+

Top non-repeatable levels by time:
       D: 461 daAuts
